 Dungeon Crawl Stone Soup version 0.22-a0-136-g83a10e5 (webtiles) character file.

179 Faca the Vandal (level 5, 0/37 HPs)
             Began as a Halfling Hunter on Feb 4, 2018.
             Slain by Grinder (2 damage)
             ... while paralysed by Grinder
             ... on level 3 of the Dungeon.
             The game lasted 00:08:03 (2309 turns).

Faca the Vandal (Halfling Hunter)                   Turns: 2309, Time: 00:08:03

Health: 0/37       AC:  7    Str: 13    XL:     5   Next: 90%
Magic:  5/5        EV:  3    Int:  9    God:
Gold:   155        SH:  0    Dex: 21    Spells: 4/4 levels left

rFire    + . .     SeeInvis .   g - +4 short sword (protect)
rCold    . . .     Gourm    .   (shield restricted)
rNeg     . . .     Faith    .   b - +2 ring mail {rF+}
rPois    .         Spirit   .   (no helmet)
rElec    .         Reflect  .   (no cloak)
rCorr    .         Harm     .   (no gloves)
MR       .....                  (no boots)
Stlth    +++.......             (no amulet)
HPRegen  0.12/turn              m - +2 ring of evasion
MPRegen  0.09/turn              (no ring)

@: paralysed, agile, berserk cooldown, slowed
A: small, mutation resistance 1
a: no special abilities


You were on level 3 of the Dungeon.
You were not hungry.

You visited 1 branch of the dungeon, and saw 3 of its levels.

You collected 155 gold pieces.

Inventory:

Hand Weapons
 a - a +1 hunting sling
 g - a +4 short sword of protection (weapon)
Missiles
 d - 78 sling bullets
 h - 108 stones (quivered)
Armour
 b - a +2 ring mail of fire resistance (worn)
Jewellery
 l - an uncursed ring of magical power
 m - a +2 ring of evasion (left hand)
Wands
 o - a wand of flame (20)
Scrolls
 k - 2 scrolls of teleportation
 p - a scroll of enchant weapon
Potions
 j - 2 potions of berserk rage
 s - a potion of mutation {unknown}
Comestibles
 f - 5 rations


   Skills:
 * Level 3.8 Fighting
 + Level 7.0 Slings
 - Level 2.1 Dodging
 + Level 3.1 Stealth


You had 4 spell levels left.
You didn't know any spells.

Dungeon Overview and Level Annotations

Branches:
Dungeon (3/15)

Altars:
Elyvilon

Annotations:
D:3 Grinder


Innate Abilities, Weirdness & Mutations

You are small and have problems with some larger weapons.
You are somewhat resistant to further mutation.


Message History

Natasha is almost dead.
Natasha closely misses you.
You puncture Natasha!
You kill Natasha!
You feel Natasha's spirit has finally been put to rest.
Your Slings skill increases to level 7!
You feel a strong urge to attack something.
You are no longer berserk.
You are exhausted.
You feel yourself slow down. Grinder completely misses you.
Grinder gestures at you.
You suddenly lose the ability to move!
Grinder gestures at you.
You barely resist.
Grinder says, "Don't move a muscle."
Grinder hits you.
* * * LOW HITPOINT WARNING * * *
You writhe in agony.
You die...

#........ #...... .... ###.... ..
..... ##### ...
############...#... #
....###..........#....... #
.(..'............#(...... #
>..#.......#........... #
#.........#.........# #
#.(.......#...@5....# # #
#+#.........'.........#. #
............#......#..#. #
...........#######.#.... . #
......###### #.#..#. #... #
......############.##.# +...##
#.###.................######...##
# #.############.#.............
#.####.........#......>......


You could see Grinder.

Vanquished Creatures
  Natasha (thrice) (D:3)
  4 adders (D:2)
  An ooze (D:1)
  A worm (D:2)
  2 dart slugs (D:1)
  3 leopard geckos
  2 giant cockroaches (D:2)
  9 goblins
  7 hobgoblins
  4 jackals (D:1)
  2 quokkas
  A ball python (D:1)
  5 bats
  4 frilled lizards
  7 kobolds
  7 rats
62 creatures vanquished.

Notes
Turn   | Place    | Note
-------+----------+-------------------------------------------
     0 | D:1      | Faca the Halfling Hunter began the quest for the Orb.
     0 | D:1      | Reached XP level 1. HP: 14/14 MP: 1/1
   169 | D:1      | Reached XP level 2. HP: 19/19 MP: 2/2
   218 | D:1      | Reached skill level 6 in Slings
   308 | D:1      | Reached XP level 3. HP: 25/25 MP: 3/3
   776 | D:2      | Reached XP level 4. HP: 26/30 MP: 4/4
   873 | D:2      | Found a white marble altar of Elyvilon.
  1687 | D:2      | Reached XP level 5. HP: 36/36 MP: 5/5
  1786 | D:3      | Noticed Grinder
  1799 | D:3      | Paralysed by Grinder for 3 turns
  1805 | D:3      | Paralysed by Grinder for 2 turns
  2034 | D:3      | Noticed Natasha
  2044 | D:3      | Killed Natasha
  2247 | D:3      | Noticed Natasha
  2257 | D:3      | Killed Natasha
  2285 | D:3      | Noticed Natasha
  2296 | D:3      | Paralysed by Grinder for 4 turns
  2304 | D:3      | Killed Natasha
  2304 | D:3      | Reached skill level 7 in Slings
  2307 | D:3      | Paralysed by Grinder for 4 turns
  2309 | D:3      | Slain by Grinder

Vault maps used:
D:1:      doesnt_arrival_eight_statues, nrook_mini_backslash
D:2:      nicolae_overflow_crystal_walls, first_ration
D:3:      uniq_grinder, uniq_natasha

Skill      XL: |  1  2  3  4  5 |
---------------+----------------+-----
Fighting       | 2 3 |  3.8
Slings         | 6 7 |  7.0
Stealth        | 2 3 |  3.1
Dodging        | |  2.1

Action                   |  1- 3 |  4- 6 || total
-------------------------+-------+-------++-------
Melee: Short sword       |    73 |   104 ||   177
 Fire: Hunting sling     |    19 |     8 ||    27
  Use: Scroll            |       |    10 ||    10
       Potion            |       |     3 ||     3
 Stab: Sleeping          |     3 |       ||     3
  Eat: Ration            |       |     1 ||     1
       Chunk             |       |     1 ||     1
Armor: Leather armour    |    23 |       ||    23
       Ring mail         |     4 |    25 ||    29
Dodge: Dodged            |    82 |    74 ||   156

Table legend:
 A = Spawn XP
 B = Non-spawn XP
 C = Spawn XP percentage of total XP
 D = Spawn monster count
 E = Non-spawn monster count
 F = Spawn count percentage of total count
 G = Total turns spent on level
                    A         B        C        D         E        F      G
               +---------+---------+-------+---------+---------+-------+---------
         Total |       0 |     256 |   0.0 |       0 |      62 |   0.0 |  2309
               +---------+---------+-------+---------+---------+-------+---------
           D:1 |       0 |      54 |   0.0 |       0 |      26 |   0.0 |   581
           D:2 |       0 |      97 |   0.0 |       0 |      30 |   0.0 |  1327
           D:3 |       0 |     105 |   0.0 |       0 |       6 |   0.0 |   401
               +---------+---------+-------+---------+---------+-------+---------
